 Dungeon Crawl Stone Soup version 0.31-a0-232-gb1c03b2570 (webtiles) character file.

Game seed: 10230802524717693816

30 Decritt the Chiller (level 3, 26/26 HPs)
             Began as a Merfolk Ice Elementalist on July 7, 2023.
             Quit the game on level 1 of the Dungeon.
             The game lasted 00:02:43 (731 turns).

Decritt the Chiller (Merfolk Ice Elementalist)       Turns: 731, Time: 00:02:44

Health: 26/26      AC:  3    Str:  8    XL:     3   Next: 18%
Magic:  6/6        EV: 13    Int: 16    God:
Gold:   0          SH:  0    Dex: 20    Spells: 5/6 levels left

rFire   . . .        (no weapon)
rCold   . . .        (no shield)
rNeg    . . .        a - +0 robe
rPois   +            (no helmet)
rElec   .            c - +0 cloak
rCorr   .            (no gloves)
SInv    .            (no boots)
Will    .....        (no amulet)
Stlth   ++           d - ring of poison resistance
HPRegen 0.24/turn    e - +6 ring of dexterity
MPRegen 0.10/turn

%: no passive effects
@: about to teleport
A: (nimble swimmer 2), mertail
a: no special abilities


You were on level 1 of the Dungeon.
You visited 1 branch of the dungeon, and saw 1 of its levels.

Inventory:

Armour
 a - a +0 robe (worn)
 c - a +0 cloak (worn)
Jewellery
 d - a ring of poison resistance (left hand)
 e - a +6 ring of dexterity (right hand)
 f - a ring of ice
Potions
 b - a potion of magic


   Skills:
 + Level 1.2 Fighting
 - Level 0.9 Polearms
 + Level 3.2 Dodging
 - Level 2.1 Stealth
 + Level 2.3 Spellcasting
 + Level 4.6 Ice Magic


You had 5 spell levels left.
You knew the following spells:

 Your Spells              Type           Power      Damage    Failure   Level
a - Freeze                Ice            64%        1d7       3%          1

Your spell library contained the following spells:

 Spells                   Type           Power      Damage    Failure   Level
 Frozen Ramparts          Ice            32%        1d5       9%          3
 Ozocubu's Armour         Ice            16%        N/A       9%          3
 Call Canine Familiar     Summ           1%         N/A       52%         3
 Portal Projectile        Hex/Tloc       2%         N/A       52%         3
 Summon Ice Beast         Ice/Summ       9%         N/A       61%         4
 Leda's Liquefaction      Hex/Erth       0%         N/A       90%         4


Dungeon Overview and Level Annotations

Branches:
Dungeon (1/15)

Altars:


Innate Abilities, Weirdness & Mutations

((You are very nimble when in or above water. (Stealth+, EV+, Speed+++)))
Your lower body shifts to a powerful aquatic tail in water.


Message History

You hit the frilled lizard.
You kill the frilled lizard!
Found three items.
You hit the kobold.
The kobold is heavily wounded.
The kobold barely misses you.
Casting: Freeze (safe; 3% risk of failure)
Confirm with . or Enter, or press ? or * to list all spells.
Aiming: Freeze (safe; 3% risk of failure)
Press: ? - help, Shift-Dir - straight line, f - kobold
Aim: a kobold, wielding a +0 whip (heavily wounded)
You freeze the kobold.
You kill the kobold!
Casting: Freeze (safe; 3% risk of failure)
Confirm with . or Enter, or press ? or * to list all spells.
You can't see any susceptible monsters within range! (Use Z to cast anyway.)
Casting: Freeze (safe; 3% risk of failure)
Confirm with . or Enter, or press ? or * to list all spells.
You can't see any susceptible monsters within range! (Use Z to cast anyway.)
Found a ring mail.
Things that are here:
a +0 whip; a kobold corpse
f - a ring of ice
g - a scroll labelled PURESI DIARUCU
h - a scroll labelled SAFOFE AFREE
Things that are here:
a +0 club; a rat corpse; a ball python corpse
i - a scroll labelled RAESA PUMIUV A giant cockroach comes into view.
As you read the scroll labelled PURESI DIARUCU, it crumbles to dust.
You hear a loud clanging noise!
It was a scroll of noise.
You hear an angry hiss.
You hear a bark! x2
As you read the scroll labelled SAFOFE AFREE, it crumbles to dust.
You feel strangely unstable.
It was a scroll of teleportation.
A ball python comes into view.
The air fills with toxic fumes!
As you read the scroll labelled RAESA PUMIUV, it crumbles to dust.
It was a scroll of poison.
Are you sure you want to abandon this character and quit the game? (Confirm with "yes".)

# #.# .. .. #.### #
#.#..####.. §§§§§
...# # #.#..##§...
§§S§ ##### #
#.#..§§§##.# §§§ #
#...##§§§#.# §§# ###
# #..##.##§§§# §§#
...
#####.##.#.##§§##§§#
###
.....)#.....##§§§§§#
####.#.#..[#.#§§@§#
# #.##)....#§§§§##
####..##.#.##§§§##
.......##.##§§§##
######...##§§§§# #
###.§§§#### # ######
#


You could see a ball python.

Vanquished Creatures
  A ball python (D:1)
  3 endoplasms (D:1)
  A giant cockroach (D:1)
  3 goblins (D:1)
  A hobgoblin (D:1)
  6 jackals (D:1)
  A kobold (D:1)
  4 bats (D:1)
  A frilled lizard (D:1)
  3 rats (D:1)
24 creatures vanquished.

Notes
Turn   | Place    | Note
-------+----------+-------------------------------------------
     0 | D:1      | Decritt the Merfolk Ice Elementalist began the quest for
                  | the Orb.
     0 | D:1      | Reached XP level 1. HP: 13/13 MP: 3/3
   231 | D:1      | Reached XP level 2. HP: 17/20 MP: 1/5
   505 | D:1      | Reached skill level 1 in Fighting
   610 | D:1      | Reached XP level 3. HP: 23/26 MP: 3/6
   731 | D:1      | Quit the game

Illustrated notes

Levels and vault maps discovered:
D:1:      matt_arrival_los_fun, layout_loops_ring, minmay_heptomino_w4

Skill      XL: |  1  2 |
---------------+-------+-----
Dodging        | 3 |  3.2
Fighting       | 1 |  1.2
Polearms       | |  0.9
Stealth        | |  2.1
Spellcasting   | |  2.3
Ice Magic      | |  4.6

Action                     || total
---------------------------++-------
  Melee: Unarmed           ||    47
         Punch             ||     1
   Cast: Freeze            ||    28
    Use: Scroll            ||     3
   Stab: Sleeping          ||     1
 Armour: Robe              ||    19
  Dodge: Dodged            ||    58

Table legend: (Time is in decaauts)
 A = Elapsed time spent in this place.
 B = Non-inter-level travel time spent in this place.
 C = Inter-level travel time spent in this place.
 D = Time resting spent in this place.
 E = Time spent auto-exploring this place.
 F = Levels seen in this place.
 G = Mean time per level.
                   A        B        C        D        E       F      G
               +--------+--------+--------+--------+--------+-----+--------+
         Total |    730 |    730 |      0 |      0 |    558 |   1 |  730.0 |
       Dungeon |    730 |    730 |      0 |      0 |    558 |   1 |  730.0 |
               +--------+--------+--------+--------+--------+-----+--------+

Top non-repeatable levels by time:
     D:1: 730 daAuts
